Map: King Sejong Station LE

Players

Towelie - Winner!

  • Race: Zerg Zerg
  • League: Grandmaster

Cube

  • Race: Protoss Protoss
  • League: Master

Event: Clash of the Clanless

VOD

Have the link to the VOD?

Description

Time

  • Played on: Aug. 20, 2016, 12:30 p.m.
  • Length: 11:00

All games in this series

Show
View Real Time Build Order
Export as new Build Order

Towelie Zerg - Winner!

Build Orders: Hatch First 

Get SALT Encoding   

  12  0:01  Drone  
  13  0:12  Overlord  
  13  0:17  Drone  
  14  0:31  Drone x2  
  14  0:35  Drone  
  17  0:52  Hatchery  
  17  0:55  Drone  
  17  0:59  Drone  
  18  1:10  Extractor  
  17  1:13  Spawning Pool  
  17  1:17  Drone  
  17  1:21  Drone  
  18  1:28  Drone  
  19  1:39  Overlord  
  19  1:49  Drone  
  20  2:02  Queen  
  20  2:04  Queen  
  20  2:05  Drone  
  20  2:06  Drone  
  26  2:10  Metabolic Boost  
  26  2:16  Zergling x2  
  26  2:21  Evolution Chamber  
  26  2:24  Drone x2  
  28  2:31  Drone  
  29  2:38  Drone  
  29  2:39  Drone  
  29  2:40  Queen  
  33  2:44  Overlord  
  33  2:50  Zerg Melee Weapons Level 1  
  33  2:56  Zergling x4  
  35  3:03  Zergling x2  
  36  3:08  Zergling x2  
  37  3:16  Zergling x8  
  37  3:17  Zergling x4  
  43  3:22  Overlord  
  43  3:33  Drone  
  44  3:44  Drone  
  44  3:45  Hatchery, Drone x3  
  47  3:51  Overlord  
  47  3:58  Drone x4  
  47  4:01  Drone  
  51  4:05  Overlord  
  51  4:10  Drone  
  51  4:12  Spore Crawler  
  51  4:15  Spore Crawler  
  50  4:19  Drone x3  
  48  4:37  Drone  
  49  4:41  Drone x3  
  49  4:42  Roach Warren, Drone x2  
  53  4:54  Extractor x2  
  53  4:55  Lair  
  51  5:04  Drone  
  51  5:06  Drone  
  55  5:07  Drone x4  
  57  5:15  Drone  
  58  5:25  Spore Crawler  
  56  5:33  Drone  
  53  5:37  Drone x8  
  53  5:40  Overlord x3  
  61  5:55  Glial Reconstitution  
  61  5:56  Zerg Melee Weapons Level 2  
  61  5:57  Roach x3  
  61  5:58  Roach x2  
  61  6:01  Roach  
  73  6:09  Drone x5  
  78  6:19  Drone  
  78  6:21  Hatchery  
  78  6:24  Drone x8  
  86  6:29  Drone x2  
  86  6:32  Extractor  
  87  6:33  Extractor  
  87  6:34  Roach  
  87  6:36  Ravager x6  
  93  6:40  Overlord x3  
  93  6:47  Zergling x8  
  94  6:53  Zergling x2  
  94  6:54  Zergling x4  
  97  6:57  Overlord x2  
  97  6:59  Queen  
  99  7:02  Zergling x6  
  102  7:09  Zergling x10  
  107  7:17  Zergling x6  
  107  7:18  Zergling x2  
  107  7:21  Zergling x8  
  115  7:35  Drone x3  
  118  7:37  Drone, Extractor  
  118  7:38  Drone x3  
  121  7:49  Zergling x20  
  123  7:55  Zergling x4  
  116  8:01  Zergling x4  
  114  8:08  Drone  
  114  8:10  Spire  
  114  8:11  Drone  
  114  8:12  Zergling x2  
  113  8:13  Zergling x18  
  113  8:17  Zerg Ground Armor Level 1  
  121  8:21  Overseer  
  121  8:22  Hatchery  
  120  8:33  Drone  
  121  8:38  Drone  
  121  8:39  Baneling Nest  
  121  8:40  Zergling x28  
  135  8:44  Spore Crawler  
  133  9:21  Overlord  
  133  9:22  Overlord x3  
  133  9:27  Mutalisk x5  
  143  9:38  Mutalisk x2  
  143  9:39  Mutalisk  
  143  9:41  Queen  
  143  9:42  Overlord x2  
  143  9:43  Mutalisk x13  
  177  9:52  Mutalisk  
  179  9:54  Overlord x2  
  178  10:04  Mutalisk x2  
  176  10:08  Zergling x20  
  176  10:09  Zergling x8  
  181  10:24  Zergling x16  
  178  10:41  Zergling x4  
Show
View Real Time Build Order
Export as new Build Order

Cube Protoss 

Build Orders: Nexus First 

Get SALT Encoding   

  12  0:01  Probe (Chrono Boost)  
  13  0:11  Probe (Chrono Boost)  
  14  0:21  Pylon  
  14  0:22  Probe (Chrono Boost)  
  15  0:39  Probe (Chrono Boost)  
  17  0:50  Probe (Chrono Boost)  
  17  1:00  Probe (Chrono Boost)  
  17  1:02  Nexus  
  18  1:12  Gateway  
  18  1:15  Probe (Chrono Boost)  
  19  1:21  Assimilator  
  19  1:26  Assimilator  
  19  1:30  Probe (Chrono Boost)  
  20  1:42  Probe (Chrono Boost), Pylon  
  21  1:53  Probe (Chrono Boost)  
  22  2:03  Probe (Chrono Boost)  
  23  2:10  Cybernetics Core  
  23  2:14  Probe x2 (Chrono Boost)  
  25  2:18  Zealot  
  27  2:24  Probe (Chrono Boost)  
  27  2:25  Probe (Chrono Boost)  
  29  2:35  Probe x2 (Chrono Boost)  
  31  2:45  Probe (Chrono Boost)  
  31  2:46  Probe (Chrono Boost)  
  31  2:47  Sentry  
  31  2:49  Warp Gate  
  35  2:55  Pylon  
  35  2:56  Mothership Core (Chrono Boost), Probe (Chrono Boost)  
  38  3:07  Probe (Chrono Boost)  
  39  3:15  Probe (Chrono Boost)  
  39  3:17  Probe (Chrono Boost)  
  39  3:19  Stargate  
  41  3:25  Probe (Chrono Boost), Pylon  
  41  3:28  Probe (Chrono Boost)  
  41  3:34  Pylon  
  42  3:36  Probe (Chrono Boost)  
  42  3:38  Probe (Chrono Boost)  
  44  3:45  Assimilator x2  
  44  3:46  Probe (Chrono Boost)  
  45  3:48  Twilight Council  
  45  3:49  Probe (Chrono Boost)  
  45  3:53  Pylon  
  46  3:56  Sentry  
  46  3:57  Probe (Chrono Boost)  
  46  4:00  Probe (Chrono Boost)  
  50  4:05  Forge  
  50  4:07  Probe (Chrono Boost)  
  51  4:11  Probe (Chrono Boost)  
  52  4:18  Probe (Chrono Boost)  
  53  4:24  Resonating Glaives  
  53  4:29  Protoss Ground Weapons Level 1  
  53  4:30  Oracle  
  53  4:34  Probe (Chrono Boost)  
  53  4:35  Probe (Chrono Boost)  
  56  4:44  Probe (Chrono Boost), Pylon  
  57  4:46  Gateway  
  57  4:47  Probe (Chrono Boost)  
  57  4:49  Gateway  
  58  4:56  Probe (Chrono Boost)  
  60  5:00  Probe (Chrono Boost)  
  60  5:03  Gateway  
  60  5:04  Gateway  
  60  5:07  Gateway  
  60  5:09  Gateway  
  60  5:11  Gateway  
  60  5:12  Sentry  
  62  5:17  Probe (Chrono Boost)  
  62  5:18  Probe (Chrono Boost)  
  62  5:20  Pylon  
  64  5:34  Probe (Chrono Boost)  
  65  5:38  Oracle  
  65  5:40  Probe (Chrono Boost)  
  69  5:43  Pylon, Sentry  
  69  5:46  Probe (Chrono Boost)  
  69  5:47  Photon Cannon  
  72  5:52  Probe (Chrono Boost), Pylon  
  74  5:58  Probe (Chrono Boost)  
  74  6:00  Adept x2  
  74  6:03  Nexus  
  78  6:05  Pylon  
  78  6:06  Probe (Chrono Boost)  
  78  6:09  Adept  
  78  6:10  Probe (Chrono Boost)  
  83  6:19  Probe (Chrono Boost)  
  83  6:22  Probe (Chrono Boost)  
  83  6:23  Photon Cannon  
  83  6:24  Gateway  
  84  6:25  Sentry  
  84  6:26  Adept x2, Sentry x2  
  84  6:27  Adept x2  
  98  6:36  Probe x2 (Chrono Boost)  
  98  6:37  Pylon  
  100  6:41  Adept  
  102  6:53  Adept  
  101  6:58  Pylon  
  101  6:59  Adept x4  
  109  7:05  Robotics Facility  
  109  7:06  Robotics Facility  
  109  7:21  Blink, Protoss Ground Weapons Level 2  
  109  7:29  Probe (Chrono Boost)  
  112  7:31  Probe x2 (Chrono Boost)  
  104  7:37  Stalker x3, Sentry x3  
  104  7:40  Probe (Chrono Boost)  
  104  7:43  Probe (Chrono Boost)  
  80  8:06  Adept x4  
  80  8:07  Adept x5  
  94  8:13  Immortal x2  
  102  8:20  Assimilator  
  102  8:24  Assimilator  
  102  8:36  Stalker x5  
  102  8:37  Stalker  
  114  8:41  Adept  
  114  8:42  Adept x2  
  120  8:52  Immortal  
  120  8:53  Immortal  
  120  9:01  Photon Cannon  
  128  9:03  Adept x2  
  128  9:08  Pylon  
  128  9:09  Pylon  
  132  9:27  Photon Cannon, Sentry  
  132  9:28  Sentry  
  132  9:30  Photon Cannon  
  136  9:33  Immortal  
  136  9:36  Stalker x4  
  148  9:50  Pylon  
  148  9:51  Pylon  
  148  9:52  Pylon  
  148  9:59  Warp Prism, Pylon  
  148  10:00  Pylon  
  131  10:21  Adept  
  131  10:22  Adept x2  
  131  10:23  Adept x2  
  131  10:24  Adept  
  131  10:25  Stalker x3  
  80  10:53  Stalker x4  
Tags
 
Add a new tag
Caveats
  • Supply blocks, unpowered buildings, or Contaminate may cause inaccurate times.
  • Supply counts are checked every 10 seconds.